 Dungeon Crawl Stone Soup version 0.31.0-11-ge490571c62 (webtiles) character file.

Game seed: 3031711026770696822

256 qw the Skirmisher (level 5, -3/30 HPs)
             Began as a Deep Elf Hunter on Feb 4, 2024.
             Was an Initiate of Okawaru.
             Slain by an orc
             ... wielding a +0 trident
              (6 damage)
             ... on level 4 of the Dungeon.
             The game lasted 00:00:10 (2049 turns).

qw the Skirmisher (Deep Elf Hunter)                 Turns: 2049, Time: 00:00:10

Health: -3/30      AC:  5    Str: 10    XL:     5   Next: 92%
Magic:  7/7        EV: 12    Int: 14    God:    Okawaru [......]
Gold:   232        SH:  0    Dex: 24    Spells: 4/4 levels left

rFire   . . .        a - +1 shortbow
rCold   . . .        (shield currently unavailable)
rNeg    . . .        b - +0 ring mail
rPois   .            (no helmet)
rElec   .            (no cloak)
rCorr   .            (no gloves)
SInv    .            (no boots)
Will    .....        (no amulet)
Stlth   ++           h - +6 ring of dexterity
HPRegen 0.25/turn    (no ring)
MPRegen 0.10/turn

%: no passive effects
@: no status effects
A: no striking features
a: Renounce Religion


You were on level 4 of the Dungeon.
You worshipped Okawaru.
Okawaru was noncommittal.
You visited 2 branches of the dungeon, and saw 5 of its levels.

You collected 232 gold pieces.


   Skills:
 - Level 2.0 Fighting
 + Level 9.1 Ranged Weapons
 - Level 3.0 Dodging
 - Level 1.2 Stealth


You had 4 spell levels left.
You didn't know any spells.
Your spell library was empty.

Inventory:

Hand Weapons
 a - a +1 shortbow (weapon)
Armour
 b - a +0 ring mail (worn)
Jewellery
 d - a ring of fire
 h - a +6 ring of dexterity (left hand)
Wands
 k - a wand of polymorph (8)
Scrolls
 c - a scroll of fog {unknown}
Potions
 g - a potion of enlightenment
 i - 2 potions of mutation {unknown}
 j - 2 potions of curing
 l - a potion of might

Dungeon Overview and Level Annotations

Branches:
Dungeon (4/15)             Temple (1/1) D:4

Altars:
Ashenzari
Cheibriados
Dithmenos
Elyvilon
Gozag
Hepliaklqana
Kikubaaqudgha
Makhleb
Nemelex Xobeh
Okawaru
Qazlal
Trog
Vehumet
Wu Jian
Yredelemnul
Zin


Message History

The ribbon worm expels a string of sticky webbing.
The stream of webbing misses you.
You shoot an arrow. The arrow barely misses the orc priest.
You shoot an arrow. The arrow hits the orc priest.
The orc priest is severely wounded.
You shoot an arrow. The arrow hits the orc priest!
You kill the orc priest!
Okawaru accepts your kill.
Your Ranged Weapons skill increases to level 9!
You shoot an arrow. The arrow barely misses the orc.
You shoot an arrow. The arrow completely misses the orc.
The arrow hits the ribbon worm but does no damage.
The orc hits you from afar with a +0 trident.
An orc priest comes into view. It is wielding a +0 hand axe.
The orc hits you but does no damage.
You shoot an arrow. The arrow barely misses the orc priest.
The orc priest mumbles some strange prayers to Beogh against you.
Pain shoots through your body! The orc barely misses you.
You shoot an arrow. The arrow hits the orc priest!
The orc priest is severely wounded.
The orc closely misses you.
You shoot an arrow. The arrow barely misses the orc priest.
The orc priest hits you but does no damage.
The orc hits you but does no damage. The orc closely misses you.
You shoot an arrow. The arrow hits the orc priest.
You kill the orc priest!
Okawaru accepts your kill.
The orc hits you from afar with a +0 trident.
Your Fighting skill increases to level 2!
You shoot an arrow. The arrow hits the ribbon worm!
The ribbon worm is heavily wounded.
The orc hits you but does no damage.
You shoot an arrow. The arrow hits the ribbon worm.
The ribbon worm is heavily wounded.
The ribbon worm closely misses you.
The orc hits you from afar with a +0 trident!
You shoot an arrow. The arrow hits the ribbon worm.
The ribbon worm is heavily wounded.
The orc hits you from afar with a +0 trident.
You die...

#..#. . ... .. ...
... $.. .... ##.#
#..... .....#..#
#..... .....ow)#
#..... #@#
######..... ## #.#
#....#..... .. #.#
#....#.....
##.#'######....#.....
#....................
#......##########....
#......# ###..
#......# #.# #......#
#.#


You could see a ribbon worm and an orc.

Vanquished Creatures
  A jelly (D:4)
  2 orc priests (D:4)
  6 adders
  A ribbon worm (D:2)
  A dart slug (D:2)
  13 orcs
  6 ball pythons
  2 bats
  12 endoplasms
  4 giant cockroaches
  12 goblins
  8 hobgoblins
  3 kobolds
  2 quokkas
  6 frilled lizards
  5 rats
84 creatures vanquished.

Notes
Turn   | Place    | Note
-------+----------+-------------------------------------------
     0 | D:1      | qw the Deep Elf Hunter began the quest for the Orb.
     0 | D:1      | Reached XP level 1. HP: 12/12 MP: 3/3
     0 | D:1      | 0 ||| qw: Version: 0.3-a-160-g6735b56
     0 | D:1      | 0 ||| qw: Game counter: 5575
     0 | D:1      | 0 ||| qw: Melee chars always use a shield: true
     0 | D:1      | 0 ||| qw: God list: Okawaru
     0 | D:1      | 0 ||| qw: Allow faded altars: false
     0 | D:1      | 0 ||| qw: Do Orc after clearing Dungeon:15 true
     0 | D:1      | 0 ||| qw: Do second Lair branch before Depths: true
     0 | D:1      | 0 ||| qw: Lair rune preference: random
     0 | D:1      | 0 ||| qw: Goals: Normal
     0 | D:1      | 0 ||| PLANNING D:1-11
    94 | D:1      | Reached skill level 6 in Ranged Weapons
    94 | D:1      | Reached XP level 2. HP: 16/16 MP: 4/4
   388 | D:1      | 388 ||| UPGRADING to +6 ring of dexterity.
   389 | D:1      | 389 ||| READING scroll labelled XYTOKA BOEHOK.
   390 | D:1      | 390 ||| READING scroll labelled GEOPEN VOASA.
   420 | D:1      | 420 ||| READING scroll labelled GICROA GUIROM.
   421 | D:1      | 421 ||| READING scroll labelled ACHESESHYN.
   421 | D:1      | 421 ||| IDENTIFYING ruby potion
   422 | D:1      | 422 ||| READING scroll labelled YLIULU NEJAGEI.
   423 | D:1      | 423 ||| READING scroll labelled YTEMIA DERI.
   423 | D:1      | 423 ||| ENCHANTING +0 shortbow.
   424 | D:1      | 424 ||| DROPPING scroll of butterflies.
   452 | D:2      | Reached XP level 3. HP: 18/20 MP: 5/5
   542 | D:2      | Reached skill level 7 in Ranged Weapons
  1045 | D:2      | 1045 ||| READING scroll labelled GIRYRPH POGATS.
  1046 | D:2      | 1046 ||| READING scroll labelled ZYHODO ULOIS.
  1051 | D:2      | 1051 ||| READING 2 scrolls labelled VAOQEHUKUN.
  1052 | D:2      | 1052 ||| DRINKING 2 bubbling purple potions.
  1053 | D:2      | 1053 ||| DRINKING 2 pink potions.
  1054 | D:2      | 1054 ||| DRINKING 3 fizzy blue potions.
  1055 | D:2      | 1055 ||| DRINKING 2 murky inky potions.
  1056 | D:2      | 1056 ||| DROPPING scroll of poison.
  1057 | D:2      | 1057 ||| DROPPING 2 potions of attraction.
  1059 | D:2      | 1059 ||| Stepping ~*~*~tactically~*~*~ (cloud).
  1060 | D:2      | 1060 ||| DRINKING potion of curing.
  1060 | D:2      | 1060 ||| (to cure poison)
  1101 | D:3      | Reached skill level 3 in Dodging
  1114 | D:3      | Reached XP level 4. HP: 21/25 MP: 6/6
  1166 | D:3      | HP: 4/25 [orc/+0 whip (4)]
  1167 | D:3      | 1167 ||| DRINKING potion of heal wounds.
  1229 | D:3      | Found a glowing silver altar of Zin.
  1671 | D:3      | Reached skill level 8 in Ranged Weapons
  1682 | D:3      | 1682 ||| UPGRADING to +0 ring mail.
  1692 | D:3      | 1692 ||| DROPPING +0 leather armour.
  1693 | D:3      | 1693 ||| READING scroll of identify.
  1693 | D:3      | 1693 ||| IDENTIFYING fuming emerald potion
  1694 | D:3      | 1694 ||| DROPPING potion of ambrosia.
  1733 | D:4      | Reached XP level 5. HP: 29/29 MP: 7/7
  1749 | D:4      | Found a staircase to the Ecumenical Temple.
  1750 | D:4      | 1750 ||| PLANNING TEMPLE
  1761 | Temple   | Entered the Ecumenical Temple
  1762 | Temple   | 1762 ||| PLANNING OKAWARU WORSHIP
  1765 | Temple   | Became a worshipper of Warmaster Okawaru
  1766 | Temple   | 1766 ||| PLANNING D:1-11
  2041 | D:4      | Reached skill level 9 in Ranged Weapons
  2048 | D:4      | HP: 3/30 [orc/+0 trident (8)]
  2049 | D:4      | Slain by an orc

Levels and vault maps discovered:
D:1:      lemuel_arrival_broad_hall, layout_rooms, dk_noncrumbling_3
D:2:      layout_loops_ring, hex_medium
D:3:      kennysheep_the_goblin_king, layout_basic,
          mainiacjoe_overflow_small_starburst
D:4:      layout_basic, gammafunk_temple_overflow_pools,
          minmay_temple_entry_overgrown
Temple:   hellmonk_temple_two_chambers

Skill      XL: |  1  2  3  4  5 |
---------------+----------------+-----
Ranged Weapons | 6 7 8 9 |  9.1
Dodging        | 3 |  3.0
Fighting       | 2 |  2.0
Stealth        | |  1.2

Action                     |  1- 3 |  4- 6 || total
---------------------------+-------+-------++-------
   Fire: Shortbow          |    93 |   121 ||   214
    Use: Scroll            |     9 |     1 ||    10
         Potion            |     5 |     1 ||     6
 Armour: Leather armour    |     5 |    20 ||    25
         Ring mail         |       |    11 ||    11
  Dodge: Dodged            |     6 |    39 ||    45

Table legend:
 A = Non-vault XP
 B = Vault XP
 C = Vault XP percentage of total XP
 D = Non-vault monster count
 E = Vault monster count
 F = Vault count percentage of total count
                 A         B        C        D         E       F
            +---------+---------+-------+---------+---------+-------
      Total |     355 |      12 |   3.3 |      77 |       7 |   8.3
            +---------+---------+-------+---------+---------+-------
        D:1 |      39 |       0 |   0.0 |      23 |       0 |   0.0
        D:2 |      41 |       0 |   0.0 |      16 |       0 |   0.0
        D:3 |      88 |      12 |  12.0 |      22 |       7 |  24.1
        D:4 |     187 |       0 |   0.0 |      16 |       0 |   0.0
            +---------+---------+-------+---------+---------+-------
